 Dungeon Crawl Stone Soup version 0.18.1-50-g88ac8fd (webtiles) character file.

5651 schammes the Shield-Bearer (level 10, 0/100 (103) HPs)
             Began as a Demonspawn Fighter on Sept 28, 2016.
             Was an Initiate of Gozag.
             Slain by a cyan ugly thing (4 damage)
             ... on level 10 of the Dungeon on Sept 29, 2016.
             The game lasted 00:46:18 (7882 turns).

schammes the Shield-Bearer (Demonspawn Fighter)     Turns: 7882, Time: 00:46:20

HP:   0/100 (103)   AC: 25    Str: 22    XL:     10   Next: 46%
MP:   14/14         EV:  2    Int:  9    God:    Gozag
Gold: 1476          SH: 11    Dex: 12    Spells: 3 memorised, 11 levels left

rFire  + . .     SeeInvis .     F - +4 dagger (elec)
rCold  + + .     Gourm    .     (armour currently unavailable)
rNeg   + + +     Faith    .     c - +0 shield
rPois  +         Spirit   .     (helmet currently unavailable)
rElec  +         Dismiss  .     (cloak currently unavailable)
rCorr  +         Reflect  .     (gloves currently unavailable)
SustAt .         Harm     .     (boots currently unavailable)
MR     .....     NoTele   +     J - amulet of rage
Stlth  ++........               z - ring of protection from cold
                                o - +3 ring of strength

@: tree-form, resistant, not resistant to hostile enchantments, unstealthy
A: (claws 0), (hooves 0), clumsy 1, demonic guardian 1, frail 1, powered by
death 3, (shaggy fur 0)
a: Potion Petition, Call Merchant, Bribe Branch, Renounce Religion, Evoke
Berserk Rage


You were on level 10 of the Dungeon.
You worshipped Gozag.
Gozag was noncommittal.
You were not hungry.
You were a tree.
You visited 2 branches of the dungeon, and saw 11 of its levels.

You collected 1528 gold pieces.
You paid 52 gold pieces to Gozag.

Inventory:

Hand Weapons
 a - a +1 war axe
 n - a +4 hunting sling
 x - a +1 spear of freezing
 D - a +1 dagger of venom
 F - a +4 dagger of electrocution (weapon)
Missiles
 h - 83 sling bullets
 K - 4 tomahawks (quivered)
Armour
 b - a +0 scale mail
 c - a +0 shield (worn)
 i - a +0 cloak (melded)
 v - a +0 pair of gloves (melded)
 y - a +0 scale mail of positive energy (melded)
Jewellery
 o - a +3 ring of strength (left branch)
 z - a ring of protection from cold (right branch)
 B - an uncursed ring of magical power
 J - an amulet of rage (around neck)
Wands
 w - a wand of teleportation (5/9)
 A - a wand of iceblast (11/15)
 M - a wand of flame (17/48)
Scrolls
 e - 2 scrolls of remove curse
 j - 5 scrolls of enchant weapon
 k - 2 scrolls of recharging
 m - a scroll of teleportation
 q - a scroll of blinking
 s - a scroll of random uselessness
 t - 3 scrolls of amnesia
 u - 2 scrolls of noise
 R - a scroll of identify
Potions
 g - a potion of lignification
 p - 2 potions of degeneration
 r - a potion of brilliance
 G - a potion of flight {unknown}
 I - a potion of invisibility {unknown}
 L - a potion of mutation
 P - a potion of ambrosia {unknown}
Books
 l - a book of Misfortune

   Spells                             Type                      Level
   a - Confusing Touch                Hexes                        2
   b - Confuse                        Hexes                        3
   c - Gell's Gravitas                Hexes/Translocation          3
   d - Petrify                        Transmutation/Earth          4
   e - Metabolic Englaciation         Hexes/Ice                    5
   f - Yara's Violent Unravelling     Hexes/Transmutation          5
 E - Sif Muna's Handbook of Beguiling
   (You found it on level 5 of the Dungeon)

   Spells                             Type                      Level
   a - Corona                         Hexes                        1
 H - a Young Poisoner's Handbook

   Spells                             Type                      Level
   a - Sting                          Conjuration/Poison           1
   b - Cure Poison                    Poison                       2
   c - Mephitic Cloud                 Conjuration/Poison/Air       3
   d - Olgreb's Toxic Radiance        Poison                       4
   e - Venom Bolt                     Conjuration/Poison           5
Miscellaneous
 Q - a crystal ball of energy
Comestibles
 d - 3 meat rations
 f - 5 bread rations
 N - 9 royal jellies
 O - 3 fruits


   Skills:
 * Level 6.7 Fighting
 + Level 0.5 Short Blades
 + Level 3.3(3.7) Axes
 + Level 2.0(3.0) Polearms
 + Level 2.0 Slings
 * Level 6.4 Armour
 * Level 5.6 Dodging
 + Level 0.6 Stealth
 * Level 6.8 Shields
 * Level 3.0 Spellcasting
 * Level 4.3 Hexes
 - Level 4.8 Evocations


You had 11 spell levels left.
You knew the following spells:

 Your Spells              Type           Power        Failure   Level  Hunger
a - Confusing Touch       Hex            #.....       24%         2    ###....
b - Corona                Hex            #......      17%         1    ##.....
c - Sting                 Conj/Pois      #...         87%         1    ##.....


Dungeon Overview and Level Annotations

Branches:
Dungeon (10/15)            Temple (1/1) D:4
   Lair: D:8-11         Orc: D:9-12

Altars:
Ashenzari
Cheibriados
Dithmenos
Gozag
Kikubaaqudgha
Okawaru
Qazlal
Sif Muna
Trog
Vehumet
Xom
Yredelemnul
Zin
Jiyva


Innate Abilities, Weirdness & Mutations

((You have sharp fingernails.))
((You have hoof-like feet.))
A weak demonic guardian rushes to your aid.
You regenerate a lot of health from kills.
You are clumsy. (Dex -2)
You are frail (-10% HP).
((You are covered in fur (AC +1).))


Message History

The cyan ugly thing is heavily wounded.
The cyan ugly thing pecks you. The cyan ugly thing shocks you!
* * * LOW HITPOINT WARNING * * *
Drink which item? (? for menu, Esc to quit)
You turn into a tree.
Your +0 cloak melds into your body.
Your +0 pair of gloves melds into your body.
Your +0 scale mail of positive energy melds into your body.
You feel less protected from negative energy.
Your roots penetrate the ground.
You block the cyan ugly thing's attack.
Drink which item? (? for menu, Esc to quit)
It was a potion of resistance.
You feel protected. You block the cyan ugly thing's attack.
You hit the cyan ugly thing.
The cyan ugly thing is heavily wounded.
The cyan ugly thing pecks you.
* * * LOW HITPOINT WARNING * * *
The cyan ugly thing shocks you. You resist.
You die...
Your body crumbles into a pile of gold.

#.....#
###.### #.#
#.# #># #.#
#.# #.#######
#....♣u(#
#######.(..(..
#######


You could see a cyan ugly thing.

Vanquished Creatures
  Erolcha (D:8)
  2 yaks (D:9)
  A soldier ant (D:9)
  A water moccasin (D:6)
  Duvessa (D:6)
  2 ice beasts
  4 orc warriors
  3 sky beasts (D:5)
  An eye of draining (D:6)
  8 ogres
  2 wasps (D:9)
  A necrophage (D:9)
  4 centaurs
  A big kobold (D:8)
  2 giant frogs
  2 scorpions
  Dowan (D:6)
  4 killer bees
  2 howler monkeys
  4 crimson imps (D:5)
  4 jellies
  5 hounds
  5 orc priests
  A centaur skeleton (D:4)
  Crazy Yiuf (D:3)
  2 giant frog skeletons (D:7)
  2 iguanas
  10 orc wizards
  Terence (D:3)
  7 worker ants
  A killer bee zombie (D:8)
  A worker ant zombie (D:8)
  9 gnolls
  2 howler monkey skeletons
  9 adders
  3 shadow imps
  An adder zombie (D:8)
  3 adder skeletons
  3 worms
  A dart slug (D:2)
  6 giant geckos
  35 orcs
  11 giant cockroaches
  3 hobgoblins (D:3)
  14 jackals
  5 quokkas
  9 bats
  9 giant newts
  5 goblins
  10 kobolds
  5 rats
230 creatures vanquished.

Vanquished Creatures (collateral kills)
  A yak (D:9)
  A howler monkey (D:9)
  3 jellies (D:9)
  2 gnolls
  5 orcs
12 creatures vanquished.

Grand Total: 242 creatures vanquished

Notes
Turn   | Place    | Note
--------------------------------------------------------------
     0 | D:1      | schammes the Demonspawn Fighter began the quest for the Orb.
     0 | D:1      | Reached XP level 1. HP: 18/18 MP: 1/1
   205 | D:1      | Gained mutation: A weak demonic guardian rushes to your aid. [demonic ancestry]
   205 | D:1      | Reached XP level 2. HP: 23/24 MP: 2/2
   770 | D:2      | Gained mutation: You have sharp fingernails. [demonic ancestry]
   770 | D:2      | Reached XP level 3. HP: 25/29 MP: 3/3
   785 | D:2      | Reached XP level 4. HP: 19/37 MP: 4/4
   789 | D:2      | Reached skill level 1 in Dodging
   986 | D:2      | Found a snail-covered altar of Cheibriados.
   990 | D:2      | Learned a level 2 spell: Confusing Touch
  1578 | D:3      | Gained mutation: You regenerate a little health from kills. [demonic ancestry]
  1578 | D:3      | Reached XP level 5. HP: 29/42 MP: 5/5
  1628 | D:3      | Noticed Terence
  1635 | D:3      | Killed Terence
  2201 | D:3      | Noticed Crazy Yiuf
  2208 | D:3      | Killed Crazy Yiuf
  2208 | D:3      | Gained mutation: You regenerate health from kills. [demonic ancestry]
  2208 | D:3      | Reached XP level 6. HP: 30/48 MP: 6/6
  2305 | D:3      | Found a bloodstained altar of Trog.
  2306 | D:3      | Found an iron altar of Okawaru.
  2804 | D:4      | Reached skill level 1 in Hexes
  3013 | D:4      | Found a staircase to the Ecumenical Temple.
  3019 | Temple   | Entered the Ecumenical Temple
  3051 | Temple   | Became a worshipper of Gozag Ym Sagoz the Greedy
  3238 | D:4      | Reached XP level 7. HP: 55/55 MP: 7/7
  3474 | D:5      | Entered Level 5 of the Dungeon
  3481 | D:5      | Reached skill level 1 in Evocations
  3682 | D:5      | Reached skill level 5 in Fighting
  3835 | D:5      | Found a shattered altar of Ashenzari.
  3863 | D:5      | Gained mutation: You regenerate a lot of health from kills. [demonic ancestry]
  3863 | D:5      | Reached XP level 8. HP: 55/62 MP: 9/9
  3890 | D:5      | Reached skill level 1 in Slings
  4162 | D:5      | Reached skill level 1 in Polearms
  4413 | D:5      | Found an ancient bone altar of Kikubaaqudgha.
  4413 | D:5      | Found a deep blue altar of Sif Muna.
  4415 | D:5      | Found a radiant altar of Vehumet.
  4420 | D:5      | Identified Sif Muna's Handbook of Beguiling
  4423 | D:5      | Learned a level 1 spell: Corona
  4529 | D:6      | Reached skill level 5 in Shields
  4552 | D:6      | Noticed Dowan
  4553 | D:6      | Noticed Duvessa
  4564 | D:6      | Killed Dowan
  4564 | D:6      | Reached skill level 5 in Armour
  4581 | D:6      | Killed Duvessa
  4626 | D:6      | Found an opulent altar of Gozag.
  4677 | D:6      | Gained mutation: You have large cloven feet. [demonic ancestry]
  4677 | D:6      | Reached XP level 9. HP: 68/68 MP: 11/11
  4947 | D:6      | Reached skill level 1 in Spellcasting
  4997 | D:6      | Found a basalt altar of Yredelemnul.
  4997 | D:6      | Found a shadowy altar of Dithmenos.
  4997 | D:6      | Found a stormy altar of Qazlal.
  5376 | D:6      | Learned a level 1 spell: Sting
  5432 | D:7      | Found a glowing silver altar of Zin.
  6242 | D:8      | Noticed Erolcha
  6252 | D:8      | Killed Erolcha
  6252 | D:8      | Reached skill level 5 in Dodging
  6252 | D:8      | Gained mutation: You have hoof-like feet. [demonic ancestry]
  6252 | D:8      | Reached XP level 10. HP: 64/76 MP: 13/13
  6820 | D:9      | Found a shimmering altar of Xom.
  6941 | D:9      | Found a viscous altar of Jiyva.
  7174 | D:9      | Gained mutation: You are frail (-10% HP). [potion of mutation]
  7174 | D:9      | Gained mutation: You are covered in fur (AC +1). [potion of mutation]
  7174 | D:9      | Gained mutation: You are clumsy. (Dex -2) [potion of mutation]
  7180 | D:9      | Found a shimmering altar of Xom.
  7309 | D:9      | Found a stormy altar of Qazlal.
  7538 | D:9      | Found a shimmering altar of Xom.
  7539 | D:9      | Found a shimmering altar of Xom.
  7539 | D:9      | Found a shimmering altar of Xom.
  7539 | D:9      | Noticed a cyclops
  7798 | D:10     | Entered Level 10 of the Dungeon
  7866 | D:10     | Noticed a cyan ugly thing
  7882 | D:10     | HP: 4/100 [cyan ugly thing (4)]
  7882 | D:10     | Slain by a cyan ugly thing

Skill      XL: |  1  2  3  4  5  6  7  8  9 10 |
---------------+-------------------------------+-----
Axes           | 2 3 |  3.3
Shields        | 3 4 5 6 |  6.8
Armour         | 3 4 5 6 |  6.4
Dodging        | 1 2 3 4 5 |  5.6
Fighting       | 4 5 6 |  6.7
Hexes          | 1 2 3 4 |  4.3
Evocations     | 2 3 4 |  4.8
Slings         | 1 2 |  2.0
Polearms       | 1 2 |  2.0
Spellcasting   | 2 3 |  3.0
Short Blades   | |  0.5
Stealth        | |  0.6

Action                   |  1- 3 |  4- 6 |  7- 9 | 10-12 || total
-------------------------+-------+-------+-------+-------++-------
Melee: War axe           |    86 |   147 |   109 |     4 ||   346
       Spear             |       |    63 |   362 |    59 ||   484
       Hunting sling     |       |       |     1 |       ||     1
       Kick              |       |       |    82 |    59 ||   141
       Dagger            |       |       |    45 |   117 ||   162
 Fire: Hunting sling     |       |    11 |    35 |    37 ||    83
  Use: Scroll            |     1 |     3 |     8 |       ||    12
       Potion            |     1 |       |     4 |     5 ||    10
 Stab: Distracted        |       |       |     1 |     1 ||     2
  Eat: Chunk             |       |     7 |       |       ||     7
       Bread ration      |       |       |     2 |     1 ||     3
       Pizza             |       |       |     1 |       ||     1
       Fruit             |       |       |       |     3 ||     3
Armor: Scale mail        |    55 |    87 |   177 |    66 ||   385
Dodge: Dodged            |    29 |    67 |   155 |    63 ||   314
Block: Shield            |    46 |    98 |   237 |    89 ||   470
